 Dungeon Crawl Stone Soup version 0.17-a0-377-gdd46233 (webtiles) character file.

125 McCoppin the Sneak (level 5, -12/32 HPs)
             Began as an Octopode Enchanter on Apr 1, 2015.
             Killed by divine providence
             ... invoked by an orc priest
              (13 damage)
             ... on level 3 of the Dungeon.
             The game lasted 00:08:58 (3599 turns).

McCoppin the Sneak (Octopode Enchanter)             Turns: 3599, Time: 00:08:58

Health: -12/32     AC:  1    Str:  7    XL:     5   Next: 9%
Magic:  3/7        EV: 12    Int: 17    God:
Gold:   160        SH:  0    Dex: 14    Spells: 3 memorised, 2 levels left

rFire  . . .     SeeInvis .     a - +2 dagger (venom)
rCold  . . .     Clarity  .     (no shield)
rNeg   . . .     SustAb   .     (helmet restricted)
rPois  .         Gourm    .     (no amulet)
rElec  .         Spirit   .     (no ring)
rCorr  .         Warding  .     (no ring)
rMut   .         Stasis   .     (no ring)
MR     .....                    (no ring)
Stlth  +++++.....               (no ring)
                                (no ring)
                                (no ring)
                                (no ring)

@: not resistant to hostile enchantments, quite stealthy
A: almost no armour, amphibious, 8 rings, constrict 8, camouflage 1, gelatinous
body 1
a: no special abilities


You were on level 3 of the Dungeon.
You were not hungry.

You visited 1 branch of the dungeon, and saw 3 of its levels.

You collected 160 gold pieces.

Inventory:

Hand weapons
 a - a +2 dagger of venom (weapon)
 b - a +0 blowgun
 j - a +1 dagger
Magical devices
 r - a wand of magic darts (23)
 s - a wand of teleportation (3)
Scrolls
 e - 2 scrolls of amnesia {unknown}
 f - 2 scrolls of teleportation
 g - a scroll of noise {unknown}
 k - a scroll of enchant armour {unknown}
 o - 2 scrolls of remove curse {unknown}
 p - a scroll of fear {unknown}
Potions
 i - a potion of flight {unknown}
 m - 2 potions of curing {unknown}
 n - a potion of restore abilities {unknown}
 t - 3 potions of ambrosia
Books
 c - a book of Maledictions

   Spells                             Type                      Level
   a - Corona                         Hexes                        1
   b - Ensorcelled Hibernation        Hexes/Ice                    2
   c - Confuse                        Hexes                        3
   d - Dazzling Spray                 Conjuration/Hexes            3
   e - Enslavement                    Hexes                        4
Comestibles
 d - 2 bread rations
 h - a slice of pizza
 l - 2 beef jerkies
 q - a meat ration


   Skills:
 - Level 0.4 Fighting
 + Level 1.6 Short Blades
 - Level 2.0 Dodging
 * Level 7.5 Stealth
 - Level 2.0 Spellcasting
 - Level 3.0 Hexes


You had 2 spell levels left.
You knew the following spells:

 Your Spells              Type           Power        Failure   Level  Hunger
a - Corona                Hex            ##.....      6%          1    #......
b - Ensorcelled Hibernat  Hex/Ice        #.....       17%         2    ###....
c - Confuse               Hex            ##......     17%         3    ###....


Dungeon Overview and Level Annotations

Branches:
Dungeon (3/15)

Altars:
Nemelex Xobeh


Innate Abilities, Weirdness & Mutations

You cannot wear most types of armour.
You are amphibious.
You can wear up to eight rings at the same time.
You can use your tentacles to constrict eight enemies at once.
Your skin changes colour to match your surroundings (Stealth).
Your rubbery body absorbs attacks (AC +1).


Message History

Aim: an orc, wielding a dagger (chance 55%)
The orc looks drowsy...
You constrict the orc priest, but do no damage.
The orc priest invokes the aid of Beogh against you.
Pain shoots through your body!
The orc priest invokes the aid of Beogh against you.
Something smites you!
* * * LOW HITPOINT WARNING * * *
Casting: Ensorcelled Hibernation
Confirm with . or Enter, or press ? or * to list all spells.
Aiming: Ensorcelled Hibernation
Press: ? - help, Shift-Dir - straight line, f - orc priest, p - orc
Aim: an orc priest, wearing a ring mail (lightly wounded, constricted by you, poisoned, chance 37%)
The orc priest easily resists.
You constrict the orc priest, but do no damage.
The orc priest glows brightly for a moment.
You release your grip on the orc priest.
The orc priest calls down the wrath of Beogh upon you.
Something smites you!
You die...

##### # .....# ### .#
####.# #.. .. #.#
##.##.# #.#######
#.....# #.......#
##.@####.#### #.......#
#....oo...... #.......#
#...#o....... #.......#
#...########
####.......###..........
.......................
####.......###....#####
...........# #....#
.########### #.......


You could see 2 orc priests and an orc (sleeping).

Vanquished Creatures
  Robin (D:3)
  An adder (D:2)
  4 gnolls (D:2)
  An adder skeleton (D:3)
  An orc (D:3)
  A ball python (D:2)
  3 giant cockroaches
  3 hobgoblins
  7 jackals
  7 kobolds
  6 bats
  A giant gecko (D:1)
  19 goblins
  3 rats
58 creatures vanquished.

Notes
Turn   | Place    | Note
--------------------------------------------------------------
     0 | D:1      | McCoppin, the Octopode Enchanter, began the quest for the Orb.
     0 | D:1      | Reached XP level 1. HP: 11/11 MP: 3/3
   388 | D:1      | Reached XP level 2. HP: 15/17 MP: 4/4
   429 | D:1      | Learned a level 2 spell: Ensorcelled Hibernation
   721 | D:1      | Reached skill level 5 in Stealth
  1775 | D:2      | Reached XP level 3. HP: 14/21 MP: 5/5
  1931 | D:2      | Reached skill level 6 in Stealth
  1955 | D:2      | Reached XP level 4. HP: 3/27 MP: 1/6
  2222 | D:2      | Learned a level 3 spell: Confuse
  2953 | D:3      | Reached skill level 7 in Stealth
  3053 | D:3      | Noticed Robin
  3381 | D:3      | Killed Robin
  3381 | D:3      | Reached XP level 5. HP: 32/32 MP: 2/7
  3434 | D:3      | Found a sparkling altar of Nemelex Xobeh.
  3597 | D:3      | HP: 1/32 [orc priest/divine providence (14)]
  3599 | D:3      | Killed from afar by an orc priest

Action                   |  1- 3 |  4- 6 || total
-------------------------+-------+-------++-------
Melee: Dagger            |    77 |    56 ||   133
 Cast: Corona            |     1 |       ||     1
       Ensorcelled Hiber |     3 |     8 ||    11
  Use: Scroll            |       |     2 ||     2
 Stab: Sleeping          |     8 |     8 ||    16
       Distracted        |       |     2 ||     2
  Eat: Chunk             |     2 |     7 ||     9
